[ AOE2 MATCH · #495719931 ]
UnrankedBengalis vs Celts
Player's team · WIN
Rival team · LOSS
[ REPLAY ANALYSIS · EXTRACTED FROM THE RECORDED GAME ]
Feudal
10:55
Castle
15:37
Imperial
—
| APM avg | 54.4 |
| APM peak | 85 |
| eAPM avg | 18.0 |
| Villagers / military | 54 / 28 |
Focus
⚔️ 36.2% · 🌾 63.8%
Ratha (Ranged) ×22 · Mangonel ×5 · Armored Elephant ×1
Feudal
9:15
Castle
28:55
Imperial
—
| APM avg | 73.3 |
| APM peak | 120 |
| eAPM avg | 30.7 |
| Villagers / military | 56 / 26 |
Focus
⚔️ 48.3% · 🌾 51.7%
Skirmisher ×16 · Militia ×5 · Archer ×4 · Mangonel ×1
Match map
Initial resources + every placement click. Lines = walls · curves = elevation contours. ◆ gold · ⬟ stone · ● berries · ✦ relic · ◌ wall gap
Your base· ✓ Map-separated
Mr Greed's base· ✓ Map-separated
Smoothed initial terrain · ◌ = detected wall gap · hover for details
Inputs per minute
— KSV - - Mr Greed
Build order — KSV
140 actions detected in the replay
| 0:00 | Create | Villager (Male) |
| 0:00 | Create | Villager (Male) |
| 0:01 | Create | Villager (Male) |
| 0:01 | Create | Villager (Male) |
| 0:02 | Build | House |
| 0:04 | Build | House |
| 1:23 | Create | Villager (Male) |
| 1:58 | Create | Villager (Male) |
| 2:16 | Create | Villager (Male) |
| 2:42 | Build | Lumber Camp |
| 2:48 | Create | Villager (Male) |
| 3:13 | Create | Villager (Male) |
| 3:35 | Create | Villager (Male) |
| 3:48 | Build | House |
| 4:06 | Create | Villager (Male) |
| 4:08 | Create | Villager (Male) |
| 4:48 | Create | Villager (Male) |
| 4:55 | Create | Villager (Male) |
| 5:21 | Create | Villager (Male) |
| 5:55 | Create | Villager (Male) |
| 5:58 | Build | House |
| 6:35 | Create | Villager (Male) |
| 6:55 | Create | Villager (Male) |
| 7:09 | Build | Mill |
| 7:20 | Create | Villager (Male) |
| 7:48 | Create | Villager (Male) |
| 7:54 | Build | Farm |
| 8:15 | Create | Villager (Male) |
| 8:26 | Build | Mining Camp |
| 8:34 | Research | Feudal Age |
| 8:44 | Build | Palisade Wall |
| 8:46 | Build | Palisade Gate |
| 9:03 | Build | Farm |
| 9:07 | Build | Farm |
| 9:33 | Build | Farm |
| 9:56 | Build | Palisade Gate |
| 10:09 | Build | Palisade Wall |
| 10:20 | Build | Farm |
| 10:32 | Create | Villager (Male) |
| 10:39 | Build | House |
| 10:53 | Build | Palisade Wall |
| 10:55 | Age | Feudal Age |
| 11:01 | Build | Blacksmith |
| 11:07 | Build | Market |
| 11:30 | Build | Palisade Wall |
| 11:31 | Build | Palisade Wall |
| 11:47 | Research | Loom |
| 12:08 | Build | House |
| 12:57 | Research | Castle Age |
| 13:15 | Build | Watch Tower |
| 15:37 | Age | Castle Age |
| 15:41 | Create | Villager (Male) |
| 15:59 | Build | Castle |
| 16:02 | Create | Villager (Male) |
| 16:16 | Build | Mining Camp |
| 16:31 | Build | Lumber Camp |
| 16:32 | Create | Villager (Male) |
| 16:37 | Create | Ratha (Ranged) |
| 16:38 | Create | Ratha (Ranged) |
| 17:05 | Build | Farm |
| 17:16 | Build | Farm |
| 17:25 | Create | Ratha (Ranged) |
| 17:40 | Build | Farm |
| 17:42 | Create | Ratha (Ranged) |
| 17:46 | Create | Villager (Male) |
| 17:54 | Create | Ratha (Ranged) |
| 18:13 | Create | Ratha (Ranged) |
| 18:23 | Create | Villager (Male) |
| 18:40 | Create | Ratha (Ranged) |
| 18:44 | Build | Siege Workshop |
| 18:47 | Create | Villager (Male) |
| 18:48 | Create | Villager (Male) |
| 19:18 | Create | Villager (Male) |
| 19:24 | Create | Ratha (Ranged) |
| 19:24 | Create | Ratha (Ranged) |
| 19:43 | Build | Farm |
| 19:44 | Create | Villager (Male) |
| 19:53 | Research | Fletching |
| 19:54 | Research | Fletching |
| 20:06 | Create | Ratha (Ranged) |
| 20:19 | Create | Villager (Male) |
| 20:26 | Build | House |
| 20:58 | Create | Armored Elephant |
| 21:00 | Create | Villager (Male) |
| 21:06 | Build | House |
| 21:08 | Create | Villager (Male) |
| 21:10 | Create | Ratha (Ranged) |
| 21:14 | Build | Farm |
| 21:15 | Build | Farm |
| 21:30 | Create | Villager (Male) |
| 21:37 | Create | Ratha (Ranged) |
| 22:09 | Research | Padded Archer Armor |
| 22:12 | Create | Villager (Male) |
| 22:19 | Create | Mangonel |
| 22:29 | Create | Ratha (Ranged) |
| 22:41 | Create | Ratha (Ranged) |
| 22:45 | Create | Villager (Male) |
| 22:48 | Build | Mill |
| 22:50 | Build | Farm |
| 22:51 | Build | Farm |
| 23:14 | Create | Villager (Male) |
| 23:16 | Create | Ratha (Ranged) |
| 23:23 | Create | Villager (Male) |
| 23:46 | Create | Villager (Male) |
| 24:17 | Create | Villager (Male) |
| 24:30 | Create | Villager (Male) |
| 24:36 | Create | Mangonel |
| 24:42 | Build | Lumber Camp |
| 24:53 | Create | Ratha (Ranged) |
| 24:53 | Create | Ratha (Ranged) |
| 24:54 | Create | Villager (Male) |
| 24:55 | Build | Farm |
| 24:59 | Create | Mangonel |
| 25:32 | Create | Villager (Male) |
| 25:37 | Create | Villager (Male) |
| 25:42 | Build | House |
| 25:44 | Create | Ratha (Ranged) |
| 25:54 | Create | Mangonel |
| 26:20 | Create | Villager (Male) |
| 26:20 | Create | Ratha (Ranged) |
| 26:33 | Build | Monastery |
| 26:34 | Create | Ratha (Ranged) |
| 26:37 | Create | Villager (Male) |
| 26:42 | Build | Lumber Camp |
| 26:43 | Create | Villager (Male) |
| 26:57 | Research | Double-Bit Axe |
| 27:01 | Create | Villager (Male) |
| 27:16 | Create | Villager (Male) |
| 27:20 | Create | Ratha (Ranged) |
| 27:20 | Create | Ratha (Ranged) |
| 27:45 | Build | Mining Camp |
| 27:46 | Create | Villager (Male) |
| 28:17 | Create | Villager (Male) |
| 28:32 | Create | Villager (Male) |
| 28:45 | Create | Mangonel |
| 28:51 | Build | Farm |
| 28:54 | Research | Wheelbarrow |
| 28:56 | Build | House |
| 29:08 | Create | Villager (Male) |
| 29:15 | Build | House |
Build order — Mr Greed
First 150 of 177 actions detected
| 0:00 | Create | Villager (Male) |
| 0:00 | Create | Villager (Male) |
| 0:00 | Create | Villager (Male) |
| 0:02 | Build | House |
| 0:03 | Build | House |
| 0:10 | Create | Villager (Male) |
| 0:10 | Create | Villager (Male) |
| 1:22 | Create | Villager (Male) |
| 1:22 | Create | Villager (Male) |
| 1:46 | Create | Villager (Male) |
| 1:52 | Build | Lumber Camp |
| 2:30 | Create | Villager (Male) |
| 2:30 | Create | Villager (Male) |
| 2:32 | Create | Villager (Male) |
| 3:17 | Create | Villager (Male) |
| 3:20 | Create | Villager (Male) |
| 3:20 | Create | Villager (Male) |
| 3:43 | Create | Villager (Male) |
| 3:43 | Create | Villager (Male) |
| 3:49 | Build | House |
| 4:22 | Create | Villager (Male) |
| 4:22 | Create | Villager (Male) |
| 4:23 | Create | Villager (Male) |
| 4:32 | Build | House |
| 5:06 | Build | Barracks |
| 5:17 | Create | Villager (Male) |
| 5:17 | Create | Villager (Male) |
| 5:17 | Create | Villager (Male) |
| 6:27 | Research | Loom |
| 6:45 | Build | Mining Camp |
| 7:00 | Research | Feudal Age |
| 7:02 | Create | Militia |
| 7:16 | Create | Militia |
| 7:16 | Create | Militia |
| 7:45 | Create | Militia |
| 7:53 | Build | House |
| 8:19 | Create | Villager (Male) |
| 8:23 | Build | Palisade Wall |
| 9:15 | Age | Feudal Age |
| 9:18 | Research | Man-at-Arms (upgrade) |
| 9:18 | Research | Double-Bit Axe |
| 9:21 | Build | Archery Range |
| 9:28 | Create | Villager (Male) |
| 9:42 | Build | House |
| 10:01 | Create | Villager (Male) |
| 10:04 | Create | Militia |
| 10:23 | Build | Mining Camp |
| 10:24 | Create | Archer |
| 10:25 | Build | House |
| 10:32 | Create | Villager (Male) |
| 10:57 | Create | Villager (Male) |
| 11:00 | Build | House |
| 11:03 | Create | Archer |
| 11:22 | Build | Watch Tower |
| 11:26 | Create | Villager (Male) |
| 11:29 | Build | House |
| 11:29 | Create | Archer |
| 11:53 | Build | House |
| 12:03 | Build | House |
| 12:12 | Create | Villager (Male) |
| 12:14 | Build | Mill |
| 12:34 | Create | Villager (Male) |
| 12:36 | Build | Outpost |
| 12:51 | Build | Watch Tower |
| 12:52 | Build | Stone Wall |
| 12:53 | Build | Stone Wall |
| 12:53 | Build | Stone Wall |
| 13:10 | Build | Farm |
| 13:12 | Build | Farm |
| 13:13 | Build | Farm |
| 13:13 | Build | Farm |
| 13:14 | Build | Farm |
| 13:16 | Build | Farm |
| 13:20 | Build | House |
| 13:30 | Build | Palisade Wall |
| 14:04 | Build | Stone Wall |
| 14:05 | Build | Stone Wall |
| 14:05 | Build | Stone Wall |
| 14:06 | Build | Stone Wall |
| 14:08 | Create | Villager (Male) |
| 14:19 | Create | Archer |
| 14:23 | Build | Farm |
| 14:33 | Create | Villager (Male) |
| 14:35 | Build | Blacksmith |
| 14:47 | Build | Stone Wall |
| 14:55 | Create | Villager (Male) |
| 15:08 | Build | Stone Wall |
| 15:08 | Build | Stone Wall |
| 15:16 | Create | Villager (Male) |
| 15:20 | Build | Farm |
| 15:21 | Build | Farm |
| 15:33 | Build | House |
| 15:37 | Build | Stone Wall |
| 15:38 | Build | Stone Wall |
| 15:40 | Build | Stone Wall |
| 15:41 | Build | Stone Wall |
| 15:58 | Build | Stone Wall |
| 16:00 | Build | Stone Wall |
| 16:03 | Build | Stone Wall |
| 16:06 | Create | Villager (Male) |
| 16:16 | Create | Villager (Male) |
| 16:18 | Create | Skirmisher |
| 16:19 | Create | Skirmisher |
| 16:32 | Build | House |
| 16:33 | Create | Villager (Male) |
| 16:40 | Build | Lumber Camp |
| 16:51 | Build | Stone Wall |
| 16:56 | Create | Villager (Male) |
| 16:59 | Build | House |
| 17:16 | Research | Fletching |
| 17:20 | Build | Farm |
| 17:20 | Build | Farm |
| 17:44 | Build | Watch Tower |
| 17:49 | Create | Skirmisher |
| 17:50 | Create | Villager (Male) |
| 17:50 | Create | Villager (Male) |
| 18:17 | Build | House |
| 18:18 | Build | Palisade Wall |
| 18:22 | Build | Stone Wall |
| 18:25 | Create | Villager (Male) |
| 18:32 | Build | Lumber Camp |
| 18:37 | Create | Skirmisher |
| 18:48 | Build | Stone Wall |
| 18:53 | Create | Skirmisher |
| 19:19 | Create | Skirmisher |
| 19:20 | Create | Villager (Male) |
| 19:25 | Build | Farm |
| 19:27 | Create | Villager (Male) |
| 19:41 | Create | Villager (Male) |
| 19:50 | Create | Skirmisher |
| 19:50 | Create | Villager (Male) |
| 19:52 | Build | Farm |
| 19:53 | Build | Farm |
| 19:55 | Build | Farm |
| 19:56 | Build | Farm |
| 19:58 | Create | Villager (Male) |
| 20:27 | Create | Skirmisher |
| 20:34 | Create | Skirmisher |
| 20:38 | Create | Villager (Male) |
| 20:45 | Create | Skirmisher |
| 20:49 | Build | Watch Tower |
| 20:52 | Build | Farm |
| 20:53 | Build | Farm |
| 21:03 | Create | Skirmisher |
| 21:10 | Create | Villager (Male) |
| 21:18 | Build | Market |
| 21:25 | Create | Villager (Male) |
| 22:03 | Create | Skirmisher |
| 22:06 | Create | Villager (Male) |
| 22:12 | Create | Skirmisher |
Match timeline
| 5:06 | Mr Greed · first_building Barracks |
| 8:23 | Mr Greed · wall_segment Palisade Wall x8 |
| 8:44 | KSV · wall_segment Palisade Wall x1 |
| 9:15 | Mr Greed · age_up feudal |
| 9:21 | Mr Greed · first_building Archery Range |
| 10:09 | KSV · wall_segment Palisade Wall x1 |
| 10:53 | KSV · wall_segment Palisade Wall x1 |
| 10:55 | KSV · age_up feudal |
| 11:30 | KSV · wall_segment Palisade Wall x1 |
| 11:31 | KSV · wall_segment Palisade Wall x1 |
| 11:53 | KSV · first_market_sell 100 wood |
| 12:52 | Mr Greed · wall_segment Stone Wall x1 |
| 12:53 | Mr Greed · wall_segment Stone Wall x1 |
| 12:53 | Mr Greed · wall_segment Stone Wall x1 |
| 13:30 | Mr Greed · wall_segment Palisade Wall x1 |
| 14:04 | Mr Greed · wall_segment Stone Wall x1 |
| 14:05 | Mr Greed · wall_segment Stone Wall x1 |
| 14:05 | Mr Greed · wall_segment Stone Wall x1 |
| 14:06 | Mr Greed · wall_segment Stone Wall x1 |
| 14:47 | Mr Greed · wall_segment Stone Wall x1 |
| 15:08 | Mr Greed · wall_segment Stone Wall x1 |
| 15:08 | Mr Greed · wall_segment Stone Wall x1 |
| 15:37 | KSV · age_up castle |
| 15:37 | Mr Greed · wall_segment Stone Wall x1 |
| 15:38 | Mr Greed · wall_segment Stone Wall x1 |
| 15:40 | Mr Greed · wall_segment Stone Wall x1 |
| 15:41 | Mr Greed · wall_segment Stone Wall x1 |
| 15:43 | KSV · first_market_buy 100 stone |
| 15:58 | Mr Greed · wall_segment Stone Wall x1 |
| 15:59 | KSV · first_building Castle |
| 16:00 | Mr Greed · wall_segment Stone Wall x1 |
| 16:03 | Mr Greed · wall_segment Stone Wall x1 |
| 16:51 | Mr Greed · wall_segment Stone Wall x1 |
| 18:18 | Mr Greed · wall_segment Palisade Wall x6 |
| 18:22 | Mr Greed · wall_segment Stone Wall x3 |
| 18:44 | KSV · first_building Siege Workshop |
| 18:48 | Mr Greed · wall_segment Stone Wall x6 |
| 25:00 | Mr Greed · first_market_buy 100 food |
| 25:48 | Mr Greed · first_market_sell 100 wood |
| 26:33 | KSV · first_building Monastery |
| 28:55 | Mr Greed · age_up castle |
| 28:58 | Mr Greed · first_building Siege Workshop |
| 29:39 | Mr Greed · resign |
[ AI ANALYSIS · 1 CREDIT ]
What really happened in this match?
Wolo.gg analyzes every decision: build order, eco, micro, common mistakes by bracket. Personalized analysis on WhatsApp or Discord in 30 seconds.
Civ guide
Bengalis
Perfil
Kasva (KSV)